Match 45681586
Unlisted

Match 45681586
End
Selects Luftwaffe Battlegroup
Selects Luftwaffe Pioneer Support
Fallschirmpioneer Squad Paradrop
Pioneer Squad
Construct Infanterie Kompanie
Grenadier Squad
GrW 34 Mortar Team
Construct Luftwaffe Kompanie
Selects Stuka Strafing Run
Stuka Strafing Run
221 Scout Car
Stuka Strafing Run
Jäger Squad
Medical Station
Stuka Strafing Run
Support Elements
Stuka Strafing Run
MG 42 Machine Gun Team
Wirbelwind Flakpanzer
Marder III M Tank Destroyer
Selects Fallschirmjäger Squad Paradrop
Selects Fragmentation Bombs
Fragmentation Bombs
Construct Panzergrenadier Kompanie
Marder III M Tank Destroyer
Stuka Strafing Run
Nebelwerfer 42 Rocket Launcher Team
Stuka Strafing Run
Fragmentation Bombs
StuG III G Assault Gun
Pak 40 Anti-tank Gun Team
Fragmentation Bombs
Fallschirmjäger Squad Paradrop
Fallschirmpioneer Squad Paradrop
Stuka Strafing Run
[PD] Ducktus
[PD] [9C] [FT] Claudius Tacitus
Nico-Nico-Nii~~
Pocket
Dscrwnd
elevate
did u guys freeze
shootinputin
0
0

Comments sign in to comment!

No comments posted yet!